 Dungeon Crawl Stone Soup version 0.29.1-2-gbd0b4ee654 (webtiles) character file.

Game seed: 10570521554927514699

48 DildoBatman the Conjurer (level 4, -6/30 HPs)
             Began as a Formicid Conjurer on Nov 22, 2022.
             Killed by divine providence
             ... invoked by an orc priest
              (12 damage)
             ... on level 3 of the Dungeon.
             The game lasted 00:02:44 (1387 turns).

DildoBatman the Conjurer (Formicid Conjurer)        Turns: 1387, Time: 00:02:45

Health: -6/30      AC:  2    Str: 12    XL:     4   Next: 0%
Magic:  6/7        EV: 12    Int: 19    God:
Gold:   107        SH:  0    Dex: 12    Spells: 4/7 levels left

rFire   . . .      SeeInvis +   d - +0 short sword
rCold   . . .      Faith    .   (no shield)
rNeg    . . .      Spirit   .   a - +0 robe
rPois   .          Reflect  .   (helmet unavailable)
rElec   .          Harm     .   (no cloak)
rCorr   .          Rampage  .   (no gloves)
Will    .....                   (no boots)
Stlth   ++........              (no amulet)
HPRegen 0.10/turn               (no ring)
MPRegen 0.10/turn               (no ring)

@: no status effects
A: permanent stasis, dig shafts and tunnels, antennae 3, four strong arms
a: Dig, Shaft Self


You were on level 3 of the Dungeon.
You visited 1 branch of the dungeon, and saw 3 of its levels.

You collected 107 gold pieces.

Inventory:

Hand Weapons
 d - a +0 short sword (weapon)
Missiles
 c - 15 stones
Armour
 a - a +0 robe (worn)
Jewellery
 l - a ring of ice
Scrolls
 f - a scroll of magic mapping {unknown}
 h - a scroll of immolation {unknown}
 i - a scroll of teleportation {unknown}
 k - 6 scrolls of identify {unknown}
Potions
 b - a potion of magic
 e - 4 potions of curing {unknown}
 g - 3 potions of degeneration {unknown}
 j - a potion of cancellation {unknown}


   Skills:
 - Level 1.7 Dodging
 - Level 2.4 Stealth
 - Level 2.1 Spellcasting
 * Level 4.8 Conjurations


You had 4 spell levels left.
You knew the following spells:

 Your Spells              Type           Power      Damage    Failure   Level
a - Searing Ray           Conj           40%        2d5       3%          2
c - Magic Dart            Conj           80%        1d7       2%          1

Your spell library contained the following spells:

 Spells                   Type           Power      Damage    Failure   Level
 Freeze                   Ice            8%         1d3       17%         1
 Sting                    Tmut/Pois      8%         1d3       17%         1
 Dazzling Flash           Conj/Hex       22%        N/A       19%         3
 Frozen Ramparts          Ice            4%         1d1       45%         3
 Fulminant Prism          Conj/Hex       5%         3d7       52%         4
 Hailstorm                Conj/Ice       11%        3d5       52%         4
 Iskenderun's Mystic Bla  Conj/Tloc      11%        2d4       52%         4


Dungeon Overview and Level Annotations

Branches:
Dungeon (3/15)

Altars:
Trog


Innate Abilities, Weirdness & Mutations

You cannot be hasted, slowed, berserked, paralysed or teleported.
You can dig through walls and to a lower floor.
You have a pair of large antennae on your head. (SInv)
Your four strong arms can wield two-handed weapons with a shield.


Message History

r - Retreat! s - Stop attacking. g - Guard the area. f - Follow me.
Anything else - Cancel.
You shout for attention!
The orc closely misses you. What are your orders? t - Shout!
Orders for allies: a - Attack new target. r - Retreat! s - Stop attacking. g - Guard the area. f - Follow me.
Anything else - Cancel.
You shout for attention!
The orc priest looks satisfied for a moment.
The orc hits you but does no damage. What are your orders? t - Shout!
Orders for allies: a - Attack new target. r - Retreat! s - Stop attacking. g - Guard the area. f - Follow me.
Anything else - Cancel.
You shout for attention!
The orc hits you with a +0 hand axe. What are your orders? t - Shout!
Orders for allies: a - Attack new target. r - Retreat! s - Stop attacking. g - Guard the area. f - Follow me.
Anything else - Cancel.
You shout for attention!
The orc misses you. What are your orders? t - Shout!
Orders for allies: a - Attack new target. r - Retreat! s - Stop attacking. g - Guard the area. f - Follow me.
Anything else - Cancel.
You shout for attention!
The orc priest calls down the wrath of Beogh upon you.
Beogh smites you!
You die...

#.# ###### #.# #.#
#.# #.# { #.# #.#
#.# #.# #.# #.#{ #.#
#.# #..
#.##################
###
#..........)@ooo...+
####################


You could see an orc priest and 2 orcs.

Vanquished Creatures
  An adder (D:3)
  A worm (D:2)
  2 dart slugs (D:1)
  An orc (D:3)
  2 ball pythons
  3 endoplasms
  3 hobgoblins
  A quokka (D:2)
  2 bats
  3 frilled lizards
  3 goblins
  4 kobolds (D:1)
  6 rats
32 creatures vanquished.

Vanquished Creatures (others)
  2 plants (D:2)
2 creatures vanquished.

Grand Total: 34 creatures vanquished

Notes
Turn   | Place    | Note
-------+----------+-------------------------------------------
     0 | D:1      | DildoBatman the Formicid Conjurer began the quest for the
                  | Orb.
     0 | D:1      | Reached XP level 1. HP: 13/13 MP: 3/3
   178 | D:1      | Reached XP level 2. HP: 17/19 MP: 3/5
   181 | D:1      | Learned a level 2 spell: Searing Ray
   206 | D:1      | Reached skill level 4 in Conjurations
   381 | D:1      | Found a faded altar of an unknown god.
   385 | D:1      | Got Plato's Dissertation on Toxins
   564 | D:2      | Reached XP level 3. HP: 21/24 MP: 1/6
   814 | D:2      | You fall into a shaft and drop 1 floor!
   851 | D:3      | Found a bloodstained altar of Trog.
  1375 | D:3      | Reached XP level 4. HP: 25/30 MP: 5/7
  1387 | D:3      | Killed from afar by an orc priest

Illustrated notes

Levels and vault maps discovered:
D:1:      zelgadis_glass_arrival_small, layout_basic,
          shapermc_ecumenical_altar_rom_forum
D:2:      layout_basic, serial_bayou_pond_c, uniq_jessica
D:3:      layout_basic, amcnicky_altar_gilded, minmay_misc_feat_more_columns

Skill      XL: |  1  2 |
---------------+-------+-----
Conjurations   | 4 |  4.8
Dodging        | |  1.7
Stealth        | |  2.4
Spellcasting   | |  2.1

Action                   |  1- 3 |  4- 6 || total
-------------------------+-------+-------++-------
Melee: Short sword       |    44 |     1 ||    45
 Cast: Magic Dart        |    42 |       ||    42
       Searing Ray       |     1 |       ||     1
Armor: Robe              |    10 |     2 ||    12
Dodge: Dodged            |    35 |     5 ||    40
